 Dungeon Crawl Stone Soup version 0.31-a0-816-gd61d57ddb1 (webtiles) character file.

Game seed: 2596461883649954371

2981107 DocSulfur the Conqueror (level 27, 249/249 HPs)
             Began as a Mummy Berserker on Sept 22, 2023.
             Was the Champion of Trog.
             Escaped with the Orb
             ... and 5 runes!
             The game lasted 04:11:48 (77780 turns).

DocSulfur the Conqueror (Mummy Berserker)          Turns: 77780, Time: 04:11:49

Health: 249/249    AC: 33    Str: 32    XL:     27
Magic:  23/23      EV: 18    Int:  7    God:    Trog [******]
Gold:   4924       SH: 39    Dex: 18    Spells: 26/26 levels left

rFire   + + +        g - +9 demon trident (heavy)
rCold   + + .        U - +18 shield of the Gong {Loud rN+ Will+ rCorr EV-5}
rNeg    + + +        f - +8 plate armour {rF+}
rPois   ∞            j - +0 mask of the Dragon {Will+ Slay+3 SInv}
rElec   +            r - scarf {rC+ rF+}
rCorr   +            x - +1 pair of gloves of Cuwnat {rF+ rN++ Will+}
SInv    +            s - +2 pair of boots of the Arcane {rElec Will+ rCorr Int+2}
Will    +++++        L - amulet of reflection Stlth
                     q - ring of Oblagei {rF+ rN+ EV+5 Int-3 Dex+6}
HPRegen 0.61/turn    R - ring "Dabbehie" {Wiz rElec rN+ Will- Slay+5}
MPRegen 0.18/turn

%: reflection, faith, wizardry (x1)
@: studying Throwing
A: cold resistance 1, negative energy resistance 3, torment resistance 2, heat
vulnerability 1, in touch with death 2, no potions, faith
0: Orb of Zot
}: 5/15 runes: decaying, serpentine, slimy, silver, abyssal
a: Renounce Religion, Trog's Hand, Brothers in Arms


You escaped.
You worshipped Trog.
Trog was exalted by your worship.
You visited 12 branches of the dungeon, and saw 56 of its levels.
You visited the Abyss 2 times.
You also visited: Sewer, Ice Cave and Wizlab.

You collected 9169 gold pieces.
You spent 4245 gold pieces at shops.

Inventory:

Hand Weapons
 b - the +18 lance "Wyrmbane" {slay drac, rPois rF+ rC+ AC+3}
   (Trog gifted it to you on level 1 of the Crypt)

   AC+3:      It affects your AC (+3).
   rF+:       It protects you from fire.
   rC+:       It protects you from cold.
   rPois:     It protects you from poison
 g - a +9 heavy demon trident (weapon)
 G - a +9 antimagic trident
Missiles
 e - 10 boomerangs
 k - 6 curare-tipped darts
 m - 34 poisoned darts
 z - a throwing net
 B - 5 silver javelins (quivered)
Armour
 d - +6 fire dragon scales {Xtahua}
 f - a +8 plate armour of fire resistance (worn)
 j - the +0 mask of the Dragon (worn) {Will+ Slay+3 SInv}
   (You found it on level 8 of the Dungeon)

   Slay+3:    It affects your accuracy & damage with ranged weapons and melee
   (+3).
   Will+:     It increases your willpower.
   SInv:      It lets you see invisible.
 o - a scarf of repulsion
 r - a scarf of resistance (worn)
 s - the +2 pair of boots of the Arcane (worn) {rElec Will+ rCorr Int+2}
   (You bought it in a shop on level 11 of the Dungeon)

   Int+2:     It affects your intelligence (+2).
   rElec:     It insulates you from electricity.
   Will+:     It increases your willpower.
   rCorr:     It protects you from acid and corrosion.
 x - the +1 pair of gloves of Cuwnat (worn) {rF+ rN++ Will+}
   (You found it on level 5 of the Pits of Slime)

   rF+:       It protects you from fire.
   rN++:      It greatly protects you from negative energy.
   Will+:     It increases your willpower.
 N - a +2 pair of gloves of strength
 O - a +1 tower shield of cold resistance
 S - +2 gold dragon scales
 U - the +18 shield of the Gong (worn) {Loud rN+ Will+ rCorr EV-5}
   (You found it on level 3 of the Elven Halls)

   Loud:      It is deafeningly noisy when blocking attacks.
   EV-5:      It affects your evasion (-5).
   rN+:       It protects you from negative energy.
   Will+:     It increases your willpower.
   rCorr:     It protects you from acid and corrosion.
Jewellery
 q - the ring of Oblagei (left hand) {rF+ rN+ EV+5 Int-3 Dex+6}
   (You took it off a deep elf sorcerer on level 5 of the Vaults)

   [ring of evasion]

   EV+5:      It affects your evasion (+5).
   Int-3:     It affects your intelligence (-3).
   Dex+6:     It affects your dexterity (+6).
   rF+:       It protects you from fire.
   rN+:       It protects you from negative energy.
 H - a ring of see invisible
 I - a ring of protection from fire
 L - an amulet of reflection (around neck)
 M - the ring "Bahasmoi" {Fly rPois rN+ MP+9}
   (You found it on level 5 of the Pits of Slime)

   [ring of flight]

   rPois:     It protects you from poison rN+: It protects you from negative
   energy.
   MP+9:      It affects your magic capacity (+9).
   Fly:       It grants you flight.
 R - the ring "Dabbehie" (right hand) {Wiz rElec rN+ Will- Slay+5}
   (You found it on level 3 of the Elven Halls)

   [ring of wizardry]

   Wiz:       It improves your spell success rate.
   Slay+5:    It affects your accuracy & damage with ranged weapons and melee
   (+5).
   rElec:     It insulates you from electricity.
   rN+:       It protects you from negative energy.
   Will-:     It decreases your willpower.
 V - the amulet "Pamim" {+Blink Regen+}
   (You found it on level 3 of the Elven Halls)

   [amulet of regeneration]

   +Blink:    It lets you blink.
   Regen+:    It increases your rate of health regeneration.
 Y - a ring of protection from cold
 Z - a +6 ring of intelligence
Wands
 c - a wand of flame (92)
 i - a wand of roots (39)
 t - a wand of digging (27)
 u - a wand of polymorph (27)
 D - a wand of charming (29)
 J - a wand of light (24)
 Q - a wand of mindburst (21)
Scrolls
 a - 4 scrolls of fear
 h - 9 scrolls of vulnerability
 l - 8 scrolls of fog
 p - 18 scrolls of teleportation
 v - 3 scrolls of poison
 w - 6 scrolls of brand weapon
 y - 6 scrolls of revelation
 A - 2 scrolls of silence
 C - a scroll of butterflies
 F - 6 scrolls of immolation
 K - 3 scrolls of blinking
Potions
 P - 2 potions of degeneration
Miscellaneous
 n - a phantom mirror
 E - a phial of floods


   Skills:
 O Level 27 Fighting
 - Level 20.8 Polearms
 - Level 12.1 Throwing
 * Level 18.5 Armour
 - Level 17.0 Dodging
 + Level 19.7 Shields
 - Level 15.1 Evocations


You had 26 spell levels left.
You didn't know any spells.
Your spell library contained the following spells:

 Spells                   Type           Power      Damage    Failure   Level
 Foxfire                  Conj/Fire      0%         2x1d4     63%         1
 Freeze                   Ice            0%         1d3       63%         1
 Magic Dart               Conj           0%         1d3       63%         1
 Slow                     Hex            0%         N/A       63%         1
 Sting                    Tmut/Pois      0%         1d3       63%         1
 Blink                    Tloc           0%         N/A       77%         2
 Cigotuvi's Dreadful Rot  Necr/Pois/Air  0%         N/A       77%         2
 Ensorcelled Hibernation  Hex/Ice        0%         N/A       77%         2
 Jinxbite                 Hex            0%         N/A       77%         2
 Lesser Beckoning         Tloc           0%         N/A       77%         2
 Passwall                 Tmut/Erth      0%         N/A       77%         2
 Poisonous Vapours        Pois/Air       0%         N/A       77%         2
 Scorch                   Fire           0%         2d5       77%         2
 Searing Ray              Conj           0%         2d4       77%         2
 Static Discharge         Conj/Air       0%         2-2/arc   77%         2
 Confusing Touch          Hex            0%         N/A       92%         3
 Dazzling Flash           Conj/Hex       0%         N/A       92%         3
 Frozen Ramparts          Ice            0%         1d1       92%         3
 Gell's Gravitas          Tloc           0%         N/A       92%         3
 Hailstorm                Conj/Ice       0%         3d3       92%         3
 Mephitic Cloud           Conj/Pois/Air  0%         N/A       92%         3
 Ozocubu's Armour         Ice            0%         N/A       92%         3
 Sigil of Binding         Hex            0%         N/A       92%         3
 Stone Arrow              Conj/Erth      0%         3d7       92%         3
 Swiftness                Air            0%         N/A       92%         3
 Teleport Other           Tloc           0%         N/A       92%         3
 Vampiric Draining        Necr           0%         2d6       92%         3
 Volatile Blastmotes      Fire/Tloc      0%         2d10      92%         3
 Airstrike                Air            0%         2d(0-16)  100%        4
 Anguish                  Hex/Necr       0%         N/A       100%        4
 Animate Armour           Summ/Erth      0%         N/A       100%        4
 Animate Dead             Necr           0%         N/A       100%        4
 Cause Fear               Hex            0%         N/A       100%        4
 Dispel Undead            Necr           0%         3d6       100%        4
 Flame Wave               Conj/Fire      0%         2d4       100%        4
 Fulminant Prism          Conj/Hex       0%         3d5       100%        4
 Leda's Liquefaction      Hex/Erth       0%         N/A       100%        4
 Manifold Assault         Tloc           0%         N/A       100%        4
 Olgreb's Toxic Radiance  Pois           0%         N/A       100%        4
 Passage of Golubria      Tloc           0%         N/A       100%        4
 Petrify                  Tmut/Erth      0%         N/A       100%        4
 Sticky Flame             Conj/Fire      0%         2d3       100%        4
 Summon Ice Beast         Ice/Summ       0%         N/A       100%        4
 Summon Lightning Spire   Summ/Air       0%         N/A       100%        4
 Vhi's Electric Charge    Tloc/Air       0%         N/A       100%        4
 Agony                    Necr           0%         N/A       100%        5
 Arcjolt                  Conj/Air       0%         1d10      100%        5
 Borgnjor's Vile Clutch   Necr/Erth      0%         N/A       100%        5
 Fireball                 Conj/Fire      0%         3d3       100%        5
 Irradiate                Conj/Tmut      0%         3d11      100%        5
 Lee's Rapid Deconstruct  Erth           0%         3d4*      100%        5
 Metabolic Englaciation   Hex/Ice        0%         N/A       100%        5
 Silence                  Hex/Air        0%         N/A       100%        5
 Summon Mana Viper        Hex/Summ       0%         N/A       100%        5
 Bombard                  Conj/Erth      0%         9d1       100%        6
 Death Channel            Necr           0%         N/A       100%        6
 Dispersal                Tloc           0%         N/A       100%        6
 Eringya's Noxious Bog    Tmut/Pois      0%         4d6       100%        6
 Plasma Beam              Fire/Air       0%         2x1d10    100%        6
 Simulacrum               Ice/Necr       0%         N/A       100%        6
 Starburst                Conj/Fire      0%         6d3       100%        6
 Summon Cactus Giant      Summ           0%         N/A       100%        6
 Enfeeble                 Hex            0%         N/A       100%        7
 Haunt                    Necr/Summ      0%         N/A       100%        7
 Malign Gateway           Summ/Tloc      0%         N/A       100%        7
 Monstrous Menagerie      Summ           0%         N/A       100%        7
 Ozocubu's Refrigeration  Ice            0%         4d7       100%        7
 Summon Hydra             Summ           0%         N/A       100%        7
 Disjunction              Tloc           0%         N/A       100%        8
 Ignition                 Fire           0%         3d3       100%        8
 Infestation              Necr           0%         N/A       100%        8
 Lehudib's Crystal Spear  Conj/Erth      0%         10d2      100%        8
 Maxwell's Capacitive Co  Air            0%         ∞         100%        8
 Chain Lightning          Conj/Air       0%         N/A       100%        9
 Dragon's Call            Summ           0%         N/A       100%        9
 Sublimation of Blood     Necr           Unusable   N/A       N/A         2
 Wereblood                Tmut           Unusable   N/A       N/A         2
 Borgnjor's Revivificati  Necr           Unusable   N/A       N/A         8
 Death's Door             Necr           Unusable   N/A       N/A         9

Dungeon Overview and Level Annotations

Branches:
Dungeon (15/15)            Temple (0/1) D:6            Lair (5/5) D:10
  Swamp (4/4) Lair:3        Snake (4/4) Lair:3        Slime (5/5) Lair:5
    Orc (2/2) D:9             Elf (3/3) Orc:2        Vaults (5/5) D:13
  Crypt (3/3) Vaults:2       Tomb (0/3) Crypt:3      Depths (4/4) D:15
   Hell (visited)             Zot (5/5) Depths:4      Sewer (visited)
  IceCv (visited)          WizLab (visited)
    Dis: Hell:1         Geh: Hell:1         Coc: Hell:1         Tar: Hell:1

Altars:
Ashenzari
Dithmenos
Gozag
Makhleb
Nemelex Xobeh
Okawaru
Qazlal
Ru
Sif Muna
Trog
Uskayaw
Xom
Yredelemnul
Jiyva

Shops:
D:5 [   D:9 :(   D:11 [   D:13 *   Orc:2 :(*[   Elf:3 *   Snake:1 [   Snake:4 (
Vaults:1 ?   Vaults:2 *   Vaults:3 (   Vaults:4 (   Vaults:5 !

Portals:
Hell: Depths:1 Depths:2 Depths:3 Depths:4
Abyss: Depths:2 Depths:3
Pandemonium: Depths:2
Ziggurat: Depths:3
Trove: Vaults:1 (give 3 scrolls of blinking)

Annotations:
D:12 exclusion: orange crystal statue
Lair:4 exclusion: downstairs
Lair:5 2 transporters, Lauz's ghost, journeyman MfGl
Swamp:4 Roxanne
Elf:2 3 runed translucent doors, Aizul
Hell Geryon
Zot:5 2 transporters, Leown's ghost, legendary KoDe


Innate Abilities, Weirdness & Mutations

You are immune to poison.
Your flesh is cold resistant. (rC+)
You are immune to negative energy. (rN+++)
You are immune to unholy pain and torment.
You are vulnerable to heat. (rF-)
You are strongly in touch with the powers of death.
You do not drink.
You have a special connection with the divine. (Faith)


Message History

There is a stone staircase leading down here.
What level of the Dungeon? (default 1, ? - help)
A reaper comes into view. It is wielding a +4 scythe of venom.
You block the reaper's attack.
GONNNNG!
You reach to attack!
You puncture the reaper!
The reaper is lightly wounded.
You reach to attack!
You closely miss the reaper.
The reaper is lightly wounded.
You block the reaper's attack.
BONNNG!
You reach to attack!
You impale the reaper!!
The reaper is moderately wounded.
You block the reaper's attack.
GONNNNG!
You reach to attack!
You skewer the reaper like a kebab!!!
You kill the reaper!
Trog accepts your kill.
No target in view!
What level of the Dungeon? (default 1, ? - help)
There is a stone staircase leading up here.
You climb upwards.
There is a stone staircase leading down here.
There is a staircase leading out of the dungeon here.
There is a staircase leading out of the dungeon here.
As you read the scroll of enchant weapon, it crumbles to dust.
Your +4 antimagic trident glows red for a moment.
As you read the scroll of enchant weapon, it crumbles to dust.
Your +5 antimagic trident glows red for a moment.
As you read the scroll of enchant weapon, it crumbles to dust.
Your +6 antimagic trident glows red for a moment.
As you read the scroll of enchant weapon, it crumbles to dust.
Your +7 antimagic trident glows red for a moment.
As you read the scroll of enchant weapon, it crumbles to dust.
Your +8 antimagic trident glows red for a moment.
Okay, then.
Okay, then.
No target in view!
Unknown command.
You have escaped!

......######.####.###.#.#.#.#
....#.#.........#...#.#.#.#.#
......#########.###.#.#.#.#.#
...####..)........#...#.#.#.#
......#.###.#####.###.#...#.#
.#.##.#.#...#...#...#.#.###.#
.#.##.###.###.#.###.#.#.#...#
...##.#...#...#.....#...#.#.#
.####.#.###.###.@.###.###.#.#
## #.#.#...#.....#...#...#.#
# #...#.#.#.###.#.###.###.# #
#.###.#.#...#...#...#.#.#
#####.#...#.###.#####.###.#.#
...##.#.#.#...#...........#.#
...##.#.#.#.#.###.#########.#
......#.#.#.#)..#.........#†#
...####.#.#.###.####.######.#


There were no monsters in sight!

Vanquished Creatures
  the Royal Jelly (Slime:5)
  A pandemonium lord (D:9)
  5 dread liches
  5 orbs of fire (Zot:5)
  Khufu (Crypt:3)
  An ancient lich (Zot:5)
  A juggernaut (Depths:3)
  The ghost of Kapop the Gargoyle Porcupine, a legendary GrMo of Okawaru (Zot:1)
  Josephina (Depths:2)
  Vv (Depths:2)
  Sojobo (Vaults:5)
  A royal mummy (Crypt:3)
  5 Killer Klowns
  Margery (Vaults:2)
  A caustic shrike (Depths:3)
  9 golden dragons
  2 curse toes
  Xtahua (Vaults:2)
  Nikola (Swamp:1)
  A profane servitor (Abyss:4)
  5 bone dragons
  4 electric golems
  15 tentacled monstrosities
  A hellephant (Abyss:4)
  Jorgrun (D:14)
  9 liches
  2 deep elf blademasters (Elf:3)
  The ghost of kuniqs the Warrior, an adept DsBe of Trog (Elf:3)
  A shard shrike skeleton (Crypt:2)
  A walking divine tome (Depths:4)
  18 Orb Guardians (Zot:5)
  A Hell Sentinel (Abyss:4)
  7 quicksilver dragons
  4 sphinxes
  33 acid blobs
  2 deep elf master archers (Elf:3)
  8 tentacled starspawn
  8 death cobs
  5 ancient champions
  6 tengu reavers
  An Executioner (Depths:1)
  The ghost of Uwih the Metamorph, an adept DrSh of Nemelex Xobeh (Swamp:3)
  2 draconian monks
  9 rockslimes
  A thorn hunter (Swamp:1)
  2 revenants
  8 shadow dragons
  12 azure jellies
  14 fire giants
  15 storm dragons
  2 nagarajas
  4 frost giants
  Donald (Vaults:2)
  7 deep elf sorcerers
  5 spectral caustic shrikes (Depths:1)
  6 draconian knights
  2 emperor scorpions (Abyss:4)
  A caustic shrike zombie (Crypt:3)
  6 iron dragons
  15 vault wardens
  A juggernaut zombie (Crypt:2)
  4 ghost moths
  Louise (Elf:1)
  19 ghouls
  3 draconian scorchers
  4 draconian stormcallers
  2 spriggan defenders
  3 draconian shifters
  A draconian annihilator (Zot:2)
  15 stone giants
  23 very ugly things
  5 curse skulls
  2 orc warlords
  10 formless jellyfish
  10 ironbound preservers
  9 quicksilver oozes
  3 cacodemons
  6 war gargoyles
  2 reapers
  An ophan (Abyss:4)
  8 ironbound thunderhulks
  5 vampire knights
  9 green draconians
  2 eleionomae
  6 purple draconians
  5 deep elf demonologists
  10 black draconians
  2 bunyips
  10 white draconians
  6 deep elf annihilators
  15 red draconians
  4 spark wasps (Depths:4)
  11 dire elephants
  11 deep elf death magi
  15 yellow draconians
  2 green deaths
  A quicksilver dragon zombie (Crypt:2)
  12 eidola
  24 ettins
  4 crystal guardians
  6 jiangshi
  5 deep elf high priests
  An entropy weaver (shapeshifter) (Elf:1)
  2 shambling mangroves (Swamp:3)
  16 yaktaur captains
  16 hydras
  8 ice dragons
  3 entropy weavers
  3 spriggan zombies (Crypt:3)
  10 fire dragons
  19 great orbs of eyes
  5 peacekeepers
  3 ogre magi
  9 rakshasas
  34 vault guards
  Fannar (Orc:1)
  A fenstrider witch zombie (Crypt:2)
  8 spriggan air magi
  6 centaur warriors
  6 ghost crabs
  A hell beast (D:7)
  6 salamander tyrants
  8 boulder beetles
  9 ironbound frosthearts
  4 two-headed ogres
  5 alligators
  A satyr (Abyss:3)
  4 catoblepae
  5 death knights
  11 anacondas
  17 dancing weapons
  18 naga warriors
  A titan zombie (Crypt:3)
  A satyr (shapeshifter) (Depths:1)
  A sphinx skeleton (Depths:3)
  7 death yaks
  7 tengu warriors
  A death scarab (Abyss:4)
  6 deep troll shamans
  9 deep troll earth magi
  5 spriggan berserkers
  14 hell knights
  13 shock serpents
  11 vampire magi
  3 orc high priests (Orc:2)
  28 thrashing horrors
  3 demonic crawlers
  7 wretched stars
  24 naga sharpshooters
  Nergalle (Lair:2)
  2 storm dragon zombies (Crypt:3)
  A sun demon (Depths:2)
  A soul eater (Abyss:1)
  A skyshark (Lair:2)
  A titan skeleton (Depths:3)
  7 salamander mystics
  12 deep elf knights
  A golden dragon zombie (Depths:3)
  3 sixfirhies
  2 goliath frogs
  2 shadow wraiths
  A sea snake (Snake:4)
  26 skeletal warriors
  2 iron giant zombies
  8 iron trolls
  A glowing orange brain (shapeshifter) (Elf:3)
  Lodul (D:13)
  10 swamp dragons
  4 bog bodies
  A deep troll (shapeshifter) (Vaults:5)
  2 spriggan simulacra
  An orange crystal statue (Zot:5)
  9 glowing orange brains
  44 deep trolls
  12 naga ritualists
  13 deep elf archers
  A shadow dragon zombie (Crypt:3)
  31 phantasmal warriors
  4 flayed ghosts
  9 necromancers
  6 lindwurms
  An obsidian statue (WizLab)
  An anaconda skeleton (Crypt:1)
  A tengu zombie (Vaults:5)
  12 wizards
  16 ironbound convokers
  21 deep elf pyromancers
  6 orc knights
  3 human zombies
  21 deep elf zephyrmancers
  21 large abominations
  29 starcursed masses
  4 will-o-the-wisps
  40 ugly things
  3 wolf spiders (Crypt:3)
  A stone giant zombie (Crypt:3)
  11 mana vipers
  5 orc sorcerers (Orc:2)
  8 shining eyes
  A faun (Lair:3)
  An elephant (Lair:4)
  4 worldbinders
  4 cyclopes
  A frost giant skeleton (Depths:3)
  A naga zombie (Crypt:3)
  An ice statue (IceCv)
  20 moths of wrath
  2 centaur zombies
  Joseph (D:7)
  24 salamanders
  19 vault sentinels
  An orange demon (Abyss:4)
  A titan simulacrum (Crypt:2)
  42 black mambas
  A molten gargoyle (Swamp:4)
  7 guardian serpents
  26 naga magi
  16 smoke demons
  5 eyes of devastation
  An unseen horror (D:11)
  12 cane toads
  A catoblepas zombie (Crypt:2)
  34 yaktaurs
  A yaktaur skeleton (Vaults:5)
  A kobold demonologist (Abyss:3)
  A tormentor (WizLab)
  Jeremiah (D:7)
  7 rime drakes
  A grey draconian zombie (Crypt:1)
  A pale draconian zombie (Crypt:1)
  11 ancient zymes
  An efreet (Abyss:1)
  5 komodo dragons
  A red devil (Abyss:4)
  17 freezing wraiths
  4 harpy zombies
  11 ice devils
  2 tengu conjurers
  3 hellwings
  A silent spectre (Abyss:4)
  2 guardian mummies (Crypt:3)
  4 polar bears (Lair:5)
  An iron giant simulacrum (Abyss:4)
  7 trolls
  A bloated husk (Swamp:4)
  A tengu simulacrum (Depths:2)
  A human skeleton (Vaults:5)
  A frost giant simulacrum (Depths:2)
  13 tyrant leeches
  20 hornets
  A blink frog (shapeshifter) (Elf:3)
  8 dream sheep
  39 blink frogs
  A dream sheep (shapeshifter) (Elf:3)
  A meliai zombie (Crypt:1)
  14 raiju
  119 slime creatures
  4 jumping spiders
  A centaur simulacrum (D:15)
  A hydra skeleton (Crypt:2)
  9 flying skulls (Abyss:4)
  9 water elementals
  3 air elementals
  3 ettin skeletons
  4 ynoxinuls
  A fire dragon skeleton (Crypt:1)
  3 vampires
  11 wraiths
  22 spriggans
  3 shadows
  46 yaks
  A dire elephant simulacrum (IceCv)
  7 humans (D:13)
  A wyvern (Lair:5)
  9 fire bats (Abyss:4)
  A yak (shapeshifter) (Elf:3)
  Eustachio (D:4)
  7 golden eyes
  5 basilisks
  8 neqoxecs
  20 fire elementals
  8 redbacks
  3 death yak simulacra (IceCv)
  An elf skeleton (Vaults:2)
  2 steam dragons
  14 vampire mosquitoes
  2 chaos spawn
  3 wargs (Orc:1)
  Edmund (D:4)
  3 harpy simulacra (IceCv)
  3 spatial vortices (WizLab)
  3 hydra simulacra (IceCv)
  16 swamp worms
  2 acid dragons
  59 nagas
  Duvessa (D:7)
  3 floating eyes
  3 hell hounds (Abyss:4)
  15 water moccasins
  A water nymph skeleton (Crypt:1)
  10 swamp drakes
  2 ice beasts
  27 orc warriors
  7 black bears
  A lindwurm zombie (Crypt:1)
  16 ogres
  8 boggarts
  A tengu (shapeshifter) (Abyss:3)
  6 centaurs
  22 wolves
  An elf zombie (Elf:1)
  4 phantoms
  4 kobold brigands
  9 bullfrogs
  3 gnoll sergeants
  3 earth elementals
  16 necrophages
  3 cane toad simulacra (IceCv)
  16 scorpions
  2 two-headed ogre simulacra (IceCv)
  10 wyvern skeletons (Crypt:3)
  10 small abominations
  6 killer bees (D:10)
  A warg zombie (Crypt:2)
  5 elephant simulacra (IceCv)
  A warg skeleton (Crypt:2)
  Dowan (D:7)
  8 howler monkeys
  3 electric eels
  A bullfrog zombie (Crypt:2)
  30 jellies
  22 orc priests
  3 hounds
  A gnoll bouda (D:9)
  A hound (shapeshifter) (Elf:3)
  Crazy Yiuf (D:4)
  36 orc wizards
  2 iguanas (D:5)
  A troll simulacrum (IceCv)
  A boggart skeleton (Crypt:2)
  7 polar bear simulacra (IceCv)
  2 wolf simulacra (IceCv)
  4 mummies (Crypt:3)
  13 gnolls
  4 river rats (Sewer)
  A swamp drake zombie (Crypt:2)
  18 adders
  A river rat (shapeshifter) (Elf:3)
  3 shadow imps
  5 white imps
  3 ufetubi
  3 worms (Sewer)
  A worm (shapeshifter) (Elf:3)
  A dart slug (D:2)
  85 orcs
  2 spectral bats (Abyss:4)
  17 bats
  18 endoplasms
  7 giant cockroaches
  A goblin (shapeshifter) (Vaults:5)
  3 goblins
  3 hobgoblins
  7 jackals
  22 kobolds
  6 quokkas
  8 ball pythons
  4 bat simulacra (Abyss:4)
  2 frilled lizards
  A frilled lizard skeleton (Crypt:2)
  A hobgoblin skeleton (Crypt:1)
  A kobold (shapeshifter) (Elf:3)
  6 rats
  A lurking horror (Abyss:1)
  5 starspawn tentacles
2812 creatures vanquished.

Vanquished Creatures (collateral kills)
  2 orbs of fire
  Mennas (Vaults:5)
  Frederick (Vaults:5)
  2 profane servitors (Crypt:3)
  The ghost of GordonOverkill the Devastator, an adept KoDe of Sif Muna (Swamp:3)
  Rupert (Lair:5)
  7 Orb Guardians (Zot:5)
  An acid blob (Lair:5)
  A sphinx (Vaults:5)
  4 vault wardens
  2 formless jellyfish (Slime:1)
  4 ironbound preservers
  3 ironbound thunderhulks
  A deep elf demonologist (Elf:3)
  A purple draconian (Zot:2)
  A bunyip (Swamp:1)
  A deep elf death mage (Elf:3)
  A deep elf high priest (Vaults:5)
  An ettin (Vaults:5)
  A vault guard (Vaults:1)
  A great orb of eyes (Vaults:2)
  A hydra (Lair:2)
  2 ironbound frosthearts (Vaults:1)
  A centaur warrior (Vaults:2)
  2 naga warriors (Snake:4)
  4 death yaks (Lair:5)
  A tengu warrior (D:9)
  2 hell knights (Vaults:2)
  Urug (Lair:2)
  2 skeletal warriors (Crypt:3)
  6 deep trolls
  2 slime creatures (Slime:1)
  An orc knight (Orc:2)
  3 ironbound convokers (Vaults:1)
  An ugly thing (Vaults:3)
  A phantasmal warrior (Crypt:3)
  A necromancer (IceCv)
  3 naga magi
  4 vault sentinels
  A worldbinder (Abyss:4)
  A cane toad (Lair:5)
  4 freezing wraiths
  2 yaktaurs (Vaults:1)
  An ice devil (IceCv)
  A troll (D:12)
  A hornet (D:9)
  A flying skull (Vaults:2)
  4 yaks (Lair:2)
  A fire bat (Abyss:4)
  3 nagas (Snake:4)
  An orc warrior (Orc:2)
  6 wolves
  An orc priest (Orc:2)
  A naga simulacrum (IceCv)
  4 orcs (Orc:2)
109 creatures vanquished.

Vanquished Creatures (others)
  An eldritch tentacle (WizLab)
  An ironbound preserver (Vaults:3)
  A draconian stormcaller (Depths:4)
  A hydra (Swamp:4)
  A salamander tyrant (Snake:4)
  A caustic shrike simulacrum (Depths:2)
  A naga warrior (Snake:4)
  A deep elf pyromancer (Elf:1)
  2 yaktaurs (Vaults:3)
  A hornet (Swamp:3)
  2 blink frogs (Abyss:4)
  A raiju (Abyss:4)
  A spriggan (Swamp:3)
  A human (D:13)
  A steam dragon (Swamp:4)
  A swamp worm (Swamp:3)
  4 swamp drakes (Swamp:4)
  A bat simulacrum (Abyss:4)
  13 foxfires
  11 starspawn tentacles
47 creatures vanquished.

Grand Total: 2968 creatures vanquished

Notes
Turn   | Place    | Note
-------+----------+-------------------------------------------
     0 | D:1      | DocSulfur the Mummy Berserker began the quest for the Orb.
     0 | D:1      | Reached XP level 1. HP: 18/18 MP: 1/1
   201 | D:1      | Reached XP level 2. HP: 20/24 MP: 2/2
   728 | D:1      | Reached ** piety under Trog
   991 | D:2      | Reached XP level 3. HP: 29/29 MP: 3/3
  1981 | D:3      | Reached skill level 1 in Throwing
  2011 | D:3      | Found a broken altar of Ashenzari.
  2088 | D:3      | Found a shimmering altar of Xom.
  2097 | D:3      | Found a sparkling altar of Nemelex Xobeh.
  2098 | D:3      | Found a sacrificial altar of Ru.
  2100 | D:3      | Found an opulent altar of Gozag.
  2137 | D:3      | Reached XP level 4. HP: 36/36 MP: 4/4
  2415 | D:4      | Reached XP level 5. HP: 39/42 MP: 5/5
  2415 | D:4      | Found a glowing drain.
  2458 | D:4      | Reached skill level 4 in Fighting
  2490 | Sewer    | Entered a sewer
  2560 | Sewer    | Reached *** piety under Trog
  2637 | Sewer    | Reached XP level 6. HP: 48/48 MP: 6/6
  3468 | D:4      | Noticed an ice beast
  3479 | D:4      | Killed an ice beast
  3479 | D:4      | Reached **** piety under Trog
  3480 | D:4      | Reached skill level 5 in Polearms
  3480 | D:4      | Reached XP level 7. HP: 41/55 MP: 7/7
  3714 | D:4      | Found a runed translucent door.
  3715 | D:4      | Noticed Crazy Yiuf
  3792 | D:4      | Noticed Eustachio
  3820 | D:4      | Killed Eustachio
  3821 | D:4      | Reached skill level 5 in Fighting
  3925 | D:4      | Found a stormy altar of Qazlal.
  3925 | D:4      | Noticed Edmund
  3948 | D:4      | Killed Edmund
  4188 | D:4      | Killed Crazy Yiuf
  4292 | D:4      | Identified the +9 hammer of the Hammering Stork {heavy,
                  | *Noise rPois Int+8}
  4345 | D:5      | Entered Level 5 of the Dungeon
  4421 | D:5      | Reached XP level 8. HP: 37/63 MP: 8/8
  4806 | D:5      | Found a burning altar of Makhleb.
  4910 | D:5      | Reached skill level 6 in Fighting
  5030 | D:5      | Found Ishkur's Dragon-Slaying Spoils.
  5411 | D:6      | Found a staircase to the Ecumenical Temple.
  5441 | D:6      | Identified the +6 whip of the Orcish Mines {venom, rPois}
  5453 | D:6      | Found a shadowy altar of Dithmenos.
  6187 | D:6      | Reached XP level 9. HP: 71/71 MP: 9/9
  6364 | D:7      | Noticed Joseph
  6506 | D:7      | Killed Joseph
  6507 | D:7      | Reached skill level 7 in Fighting
  6507 | D:7      | Reached skill level 5 in Throwing
  6715 | D:7      | Reached ***** piety under Trog
  6786 | D:7      | Found an iron altar of Okawaru.
  6986 | D:7      | Noticed Jeremiah
  6998 | D:7      | Killed Jeremiah
  7155 | D:7      | Noticed Duvessa
  7155 | D:7      | Noticed Dowan
  7165 | D:7      | Killed Duvessa
  7174 | D:7      | Killed Dowan
  7423 | D:8      | Received a gift from Trog
  7491 | D:8      | Reached skill level 1 in Shields
  7506 | D:8      | Reached skill level 1 in Evocations
  7662 | D:8      | Reached XP level 10. HP: 72/79 MP: 10/10
  7986 | D:8      | Found the +0 mask of the Dragon {Will+ Slay+3 SInv}
  8391 | D:9      | Found Zickiera's Weapon Shoppe.
  8731 | D:9      | Found a staircase to the Orcish Mines.
  8870 | D:9      | Noticed a tengu warrior
  8878 | D:9      | Killed a tengu warrior
  8886 | D:9      | Found a hide-covered altar of Uskayaw.
  8930 | D:9      | Found a shimmering blue altar of Sif Muna.
  9243 | D:9      | Reached skill level 10 in Polearms
  9394 | D:9      | Found Peizus's Tremendous Tomes.
  9509 | D:10     | Entered Level 10 of the Dungeon
  9536 | D:10     | Noticed a two-headed ogre
  9548 | D:10     | Killed a two-headed ogre
  9893 | D:10     | Reached XP level 11. HP: 84/84 MP: 11/11
  9925 | D:10     | Found a staircase to the Lair.
 10242 | D:11     | Found Cequa's Antique Armour Shop.
 10248 | D:11     | Bought a pair of bloodstained boots for 294 gold pieces
 10248 | D:11     | Identified the +2 pair of boots of the Arcane {rElec Will+
                  | rCorr Int+2} (You bought it in a shop on level 11 of the
                  | Dungeon)
 10257 | D:11     | Bought a shimmering cloak for 294 gold pieces
 10257 | D:11     | Identified the +0 cloak of Zaippe {Dex+3} (You bought it in
                  | a shop on level 11 of the Dungeon)
 10334 | D:11     | Noticed a two-headed ogre
 10340 | D:11     | Killed a two-headed ogre
 10370 | D:11     | Noticed a boulder beetle
 10371 | D:11     | Noticed a two-headed ogre
 10406 | D:11     | Killed a boulder beetle
 10407 | D:11     | Killed a two-headed ogre
 10834 | D:11     | Reached skill level 5 in Shields
 10858 | D:11     | Received a gift from Trog
 11361 | D:12     | Noticed a boulder beetle
 11374 | D:12     | Killed a boulder beetle
 11410 | D:12     | Noticed a death yak
 11421 | D:12     | Killed a death yak
 11700 | D:12     | Noticed an orange crystal statue
 11761 | D:12     | Noticed an iron troll
 11763 | D:12     | Noticed a death yak
 11777 | D:12     | Killed a death yak
 11781 | D:12     | Killed an iron troll
 11790 | D:12     | Noticed a death yak
 11814 | D:12     | Killed a death yak
 11815 | D:12     | Reached XP level 12. HP: 59/91 MP: 12/12
 12763 | Orc:1    | Entered Level 1 of the Orcish Mines
 12822 | Orc:1    | Noticed Fannar
 12833 | Orc:1    | Killed Fannar
 13093 | Orc:1    | Reached skill level 8 in Fighting
 13464 | Orc:2    | Entered Level 2 of the Orcish Mines
 13743 | Orc:2    | Found a staircase to the Elven Halls.
 14299 | Orc:2    | Noticed an orc warlord
 14346 | Orc:2    | Received a gift from Trog
 14363 | Orc:2    | Killed an orc warlord
 14627 | Orc:2    | Reached skill level 9 in Fighting
 14866 | Orc:2    | Noticed an orc high priest
 14904 | Orc:2    | Killed an orc high priest
 15104 | Orc:2    | Gained mutation: You are strongly in touch with the powers
                  | of death. [Mummy growth]
 15104 | Orc:2    | Reached XP level 13. HP: 80/103 MP: 13/13
 15116 | Orc:2    | Reached skill level 10 in Fighting
 15896 | Orc:2    | Found Bifug's Antique Armour Emporium.
 15897 | Orc:2    | Found Gehis's Antique Weapon Emporium.
 15900 | Orc:2    | Found Qutaihiz's General Store.
 15900 | Orc:2    | Found Reluylue's Book Shoppe.
 16277 | Lair:1   | Entered Level 1 of the Lair of Beasts
 16329 | Lair:1   | Identified the +8 trident "Moatril" {flame, *Slow rF+ rCorr
                  | Dex+4} (Trog gifted it to you on level 1 of the Lair of
                  | Beasts)
 16329 | Lair:1   | Received a gift from Trog
 16761 | Lair:1   | Found a gate leading to a gauntlet.
 16794 | Lair:1   | Identified the +2 great sword "With Two Names" {pain,
                  | Dex+3}
 16942 | Lair:1   | Identified the +3 leather armour of Context {Rampage *Slow
                  | Int+2 SInv}
 17412 | Lair:2   | Noticed Urug
 17427 | Lair:2   | Killed Urug
 17683 | Lair:2   | Identified the +4 war axe "Newtbane" {flame, Dex+4}
 17689 | Lair:2   | Noticed Nergalle
 17700 | Lair:2   | Killed Nergalle
 18599 | Lair:3   | Found a frozen archway.
 18640 | Lair:3   | Received a gift from Trog
 18654 | IceCv    | Entered an ice cave
 18792 | IceCv    | Reached skill level 5 in Armour
 18792 | IceCv    | Reached skill level 5 in Dodging
 18937 | IceCv    | Reached XP level 14. HP: 103/111 MP: 14/14
 19044 | IceCv    | Found an ancient bone altar of Kikubaaqudgha.
 19424 | IceCv    | Received a gift from Trog
 19704 | Lair:3   | Found a staircase to the Swamp.
 20179 | Lair:3   | Found a staircase to the Snake Pit.
 20654 | Lair:5   | Entered Level 5 of the Lair of Beasts
 21173 | Lair:4   | Identified the ring of Huem {+Blink rPois rF- rN+ Stlth+}
 21185 | Lair:4   | Identified the +3 short sword "Hush" {drain, rN+ MP+9}
 21843 | Lair:4   | Received a gift from Trog
 22268 | Lair:5   | Noticed Rupert
 22278 | Lair:5   | Killed Rupert
 22412 | Lair:5   | Reached XP level 15. HP: 117/117 MP: 15/15
 22450 | Lair:5   | Reached skill level 10 in Shields
 22453 | Lair:5   | Found a staircase to the Slime Pits.
 22453 | Lair:5   | Found a viscous altar of Jiyva.
 22576 | Lair:5   | Noticed Lauz's ghost (journeyman MfGl)
 22579 | Lair:5   | Found a bloodstained altar of Trog.
 22587 | Lair:5   | Found a transporter.
 22594 | Lair:5   | Found a transporter.
 22835 | Lair:5   | Received a gift from Trog
 23471 | D:13     | Noticed Lodul
 23855 | D:13     | Killed Lodul
 23901 | D:13     | Found a gate to the Vaults.
 24007 | D:13     | Identified the +0 leather armour of Life {rPois SInv}
 24024 | D:13     | Found Zin's Purification Station.
 24325 | D:14     | Received a gift from Trog
 24441 | D:14     | Identified the +1 leather armour of the Harp {Rampage
                  | Dex+2}
 24657 | D:14     | You fall into a shaft and drop 1 floor!
 24657 | D:15     | Entered Level 15 of the Dungeon
 24897 | D:14     | Noticed Jorgrun
 24908 | D:14     | Killed Jorgrun
 25336 | D:15     | Received a gift from Trog
 25371 | D:15     | Found a staircase to the Depths.
 25659 | D:15     | Reached XP level 16. HP: 113/124 MP: 16/16
 25675 | D:15     | Reached skill level 5 in Evocations
 25721 | D:15     | Found a sacrificial altar of Ru.
 26478 | Snake:1  | Entered Level 1 of the Snake Pit
 26637 | Snake:1  | Found Osidiow's Antique Armour Shoppe.
 26739 | Snake:1  | Bought a jewelled tower shield for 294 gold pieces
 26739 | Snake:1  | Identified the +2 tower shield "Ram Bese" {rPois rN+ Str-4}
                  | (You bought it in a shop on level 1 of the Snake Pit)
 26805 | Snake:1  | Received a gift from Trog
 26958 | Snake:1  | Identified a scroll of acquirement
 26959 | Snake:1  | Acquired a manual of Fighting
 27201 | Snake:1  | Reached skill level 11 in Fighting
 27465 | Snake:1  | Identified the +3 hand axe "Urov" {freeze, rF+ rCorr Int+2
                  | Stlth-}
 28326 | D:5      | Bought +0 fire dragon scales for 780 gold pieces
 28999 | Snake:2  | Reached skill level 12 in Fighting
 29102 | Snake:2  | Received a gift from Trog
 29317 | Snake:2  | Reached ****** piety under Trog
 29573 | Snake:2  | You fall into a shaft and drop 1 floor!
 29985 | Snake:2  | Reached XP level 17. HP: 135/135 MP: 17/17
 30001 | Snake:2  | Received a gift from Trog
 30091 | Snake:2  | Reached skill level 13 in Fighting
 31333 | Snake:3  | Received a gift from Trog
 32140 | Snake:4  | Entered Level 4 of the Snake Pit
 32353 | Snake:4  | Reached skill level 14 in Fighting
 32459 | Snake:4  | Found Owuihuw's Antique Weapon Shop.
 33090 | Snake:4  | Received a gift from Trog
 33636 | Snake:4  | Reached XP level 18. HP: 147/147 MP: 18/18
 33640 | Snake:4  | Received a gift from Trog
 33746 | Snake:4  | Got a serpentine rune of Zot
 34206 | Swamp:1  | Entered Level 1 of the Swamp
 34217 | Swamp:1  | Noticed Nikola
 34225 | Swamp:1  | Reached skill level 15 in Fighting
 34233 | Swamp:1  | Killed Nikola
 35308 | Swamp:2  | Received a gift from Trog
 35578 | Swamp:3  | Identified the +2 sling of Emeirir {drain, rElec Dex+3
                  | Stlth+}
 35627 | Swamp:3  | Reached skill level 15 in Polearms
 35627 | Swamp:3  | Reached skill level 15 in Shields
 35741 | Swamp:3  | Found a runed translucent gate.
 35741 | Swamp:3  | Found a runed translucent gate.
 35741 | Swamp:3  | Found a runed translucent gate.
 35745 | Swamp:3  | Noticed GordonOverkill's ghost (adept KoDe)
 35745 | Swamp:3  | Noticed Uwih's ghost (adept DrSh)
 36258 | Swamp:3  | Killed Uwih's ghost
 36259 | Swamp:3  | Killed GordonOverkill's ghost
 36269 | Swamp:3  | Identified the +2 hat "Vuttaup" {rElec}
 36309 | Swamp:4  | Entered Level 4 of the Swamp
 36350 | Swamp:3  | Reached skill level 16 in Fighting
 36390 | Swamp:4  | Noticed Roxanne
 36614 | Swamp:4  | Received a gift from Trog
 37314 | Swamp:4  | Got a decaying rune of Zot
 37826 | Elf:1    | Entered Level 1 of the Elven Halls
 37883 | Elf:1    | Received a gift from Trog
 38050 | Elf:1    | Noticed Louise
 38073 | Elf:1    | Killed Louise
 38083 | Elf:1    | Reached XP level 19. HP: 153/159 MP: 19/19
 38191 | Elf:1    | Paralysed by an air elemental for 1 turns
 38285 | Elf:1    | Identified the +3 spear of Cusucw {flame, Fly rPois} (Trog
                  | gifted it to you on level 1 of the Elven Halls)
 38285 | Elf:1    | Received a gift from Trog
 38286 | Elf:1    | Reached skill level 17 in Fighting
 38695 | Elf:1    | Got a yellowed book
 38850 | Elf:2    | Paralysed by an air elemental for 1 turns
 38979 | Elf:2    | Received a gift from Trog
 39071 | Elf:2    | Paralysed by an air elemental for 1 turns
 39201 | Elf:2    | Found a runed translucent gate.
 39201 | Elf:2    | Found a runed translucent gate.
 39201 | Elf:2    | Found a runed translucent gate.
 39213 | Elf:2    | Noticed Aizul
 39521 | Elf:3    | Entered Level 3 of the Elven Halls
 39827 | Elf:3    | Found Fesiext's Gadget Gallery.
 39837 | Elf:3    | Bought a wand of digging (2) for 159 gold pieces
 39837 | Elf:3    | Bought a wand of light (6) for 478 gold pieces
 39837 | Elf:3    | Bought a wand of roots (4) for 182 gold pieces
 39837 | Elf:3    | Bought a wand of light (6) for 478 gold pieces
 39974 | Elf:3    | Found a runed translucent gate.
 39974 | Elf:3    | Found a runed translucent gate.
 39974 | Elf:3    | Found a runed translucent gate.
 40240 | Elf:3    | Found a runed translucent gate.
 40240 | Elf:3    | Found a runed translucent gate.
 40241 | Elf:3    | Noticed kuniqs's ghost (adept DsBe)
 40242 | Elf:3    | Found a runed translucent gate.
 40375 | Elf:3    | Received a gift from Trog
 40600 | Elf:3    | Noticed a Brimstone Fiend
 40623 | Elf:3    | Reached skill level 18 in Fighting
 40922 | Elf:3    | Received a gift from Trog
 41046 | Elf:3    | Found the +18 shield of the Gong {Loud rN+ Will+ rCorr
                  | EV-5}
 41053 | Elf:3    | Identified the +6 sling of the Moon {flame, rPois Str-2
                  | Int-3 Dex+8}
 41090 | Elf:3    | Got a mumbling book
 41102 | Elf:3    | Identified the ring "Dabbehie" {Wiz rElec rN+ Will- Slay+5}
 41138 | Elf:3    | Got an innocuous book
 41197 | Elf:3    | Found the +8 storm bow {elec, penet}
 41217 | Elf:3    | Identified the amulet "Pamim" {+Blink Regen+}
 41604 | Elf:3    | Killed kuniqs's ghost
 41605 | Elf:3    | Reached XP level 20. HP: 157/171 MP: 20/20
 41642 | Elf:3    | Identified the +1 pair of boots of the Haunted Kappa {rN++
                  | Str+4 Dex-3}
 42041 | Vaults:1 | Entered Level 1 of the Vaults
 42631 | Vaults:1 | Reached skill level 10 in Evocations
 42635 | Vaults:1 | Found Acsih's Magic Scroll Emporium.
 42643 | Vaults:1 | Bought a scroll of acquirement for 988 gold pieces
 42643 | Vaults:1 | Acquired 773 gold pieces
 42644 | Vaults:1 | Bought a scroll of enchant armour for 142 gold pieces
 42644 | Vaults:1 | Bought a scroll of teleportation for 57 gold pieces
 42708 | Vaults:1 | Identified the +8 trident "Sinetza" {heavy, rElec rC+ rN+
                  | Str+3} (Trog gifted it to you on level 1 of the Vaults)
 42708 | Vaults:1 | Received a gift from Trog
 42761 | Vaults:1 | Found a portal to a secret trove of treasure.
 43352 | Vaults:2 | Noticed Xtahua
 43360 | Vaults:2 | Killed Xtahua
 43389 | Vaults:2 | Noticed Margery
 43396 | Vaults:2 | Killed Margery
 43547 | Vaults:2 | Found a staircase to the Crypt.
 43625 | Vaults:2 | Received a gift from Trog
 43998 | Vaults:2 | Found Qeniweux's General Store.
 44006 | Vaults:2 | Bought a scroll of teleportation for 54 gold pieces
 44182 | Vaults:2 | Noticed Donald
 44186 | Vaults:2 | Killed Donald
 44252 | Vaults:2 | Received a gift from Trog
 45003 | Vaults:3 | Reached skill level 10 in Dodging
 45005 | Vaults:3 | Reached XP level 21. HP: 143/178 MP: 21/21
 45176 | Vaults:3 | Received a gift from Trog
 46455 | Vaults:3 | Found Faowkodd's Antique Weapon Shoppe.
 46659 | Vaults:4 | Received a gift from Trog
 46912 | Vaults:4 | Found Udwu Fepy's Weapon Emporium.
 46996 | Vaults:4 | Noticed a dread lich
 47006 | Vaults:4 | Killed a dread lich
 47660 | Vaults:4 | Received a gift from Trog
 48019 | Vaults:5 | Entered Level 5 of the Vaults
 48019 | Vaults:5 | Noticed a dread lich
 48021 | Vaults:5 | Noticed Sojobo
 48025 | Vaults:5 | Killed a dread lich
 48034 | Vaults:5 | Noticed a dread lich
 48201 | Vaults:5 | Killed a dread lich
 48504 | Vaults:5 | Noticed Frederick
 48511 | Vaults:5 | Killed Frederick
 48586 | Vaults:5 | Noticed Mennas
 48614 | Vaults:5 | Reached XP level 22. HP: 135/185 MP: 22/22
 48641 | Vaults:5 | Identified the +6 hand axe of the Tent {freeze, rN+}
 48661 | Vaults:5 | Received a gift from Trog
 48671 | Vaults:5 | Identified the ring of Oblagei {rF+ rN+ EV+5 Int-3 Dex+6}
 48805 | Vaults:5 | Noticed a golden dragon
 48812 | Vaults:5 | Killed a golden dragon
 49111 | Vaults:5 | Identified the +6 falchion of the Globe {drain, rElec rPois
                  | rF+ Int+4}
 49131 | Vaults:5 | Identified the +8 orcbow of Equilibrium {drain, Int+4
                  | Dex+3}
 49131 | Vaults:5 | Identified the +1 scimitar "Imuer" {speed, rPois}
 49165 | Vaults:5 | Killed Sojobo
 49255 | Vaults:5 | Identified the +6 chain mail of Tumoagaf {rElec rCorr Int+3
                  | Dex+3}
 49592 | Vaults:5 | Killed Mennas
 49592 | Vaults:5 | Received a gift from Trog
 49848 | Vaults:5 | Reached skill level 10 in Armour
 49863 | Vaults:5 | Found Senui's Distillery.
 49915 | Vaults:5 | Identified the +0 cloak "Liptez" {rF- Regen+ Dex+7}
 50015 | Vaults:5 | Reached skill level 15 in Evocations
 50177 | Vaults:5 | Noticed a golden dragon
 50187 | Vaults:5 | Killed a golden dragon
 50412 | Vaults:5 | Got a silver rune of Zot
 50494 | Vaults:5 | Received a gift from Trog
 51013 | Vaults:5 | Identified the +1 leather armour of Panentheism {Str-4
                  | Dex+5}
 51485 | Orc:2    | Bought a scroll of teleportation for 45 gold pieces
 51740 | Depths:1 | Entered Level 1 of the Depths
 52138 | Crypt:1  | Entered Level 1 of the Crypt
 52146 | Crypt:1  | Reached skill level 15 in Dodging
 52196 | Crypt:1  | Found a magical portal.
 52209 | WizLab   | Entered The Roulette of Golubria
 52209 | WizLab   | Found a transporter.
 52212 | WizLab   | Found a corrupted altar of Lugonu.
 52224 | WizLab   | Found a transporter.
 52227 | WizLab   | Found a corrupted altar of Lugonu.
 52279 | WizLab   | Found a transporter.
 52300 | WizLab   | Found a transporter.
 52301 | WizLab   | Found a transporter.
 52340 | WizLab   | Reached XP level 23. HP: 192/192 MP: 23/23
 52366 | WizLab   | Found a transporter.
 52391 | WizLab   | Found a transporter.
 52402 | WizLab   | Found a transporter.
 52445 | WizLab   | Found a transporter.
 52497 | WizLab   | Found a transporter.
 52503 | WizLab   | Found a transporter.
 52569 | WizLab   | Found a transporter.
 52757 | WizLab   | Found a transporter.
 52771 | WizLab   | Found a transporter.
 52771 | WizLab   | Found a transporter.
 52787 | WizLab   | Received a gift from Trog
 52827 | WizLab   | Found a transporter.
 52849 | WizLab   | Found a transporter.
 52882 | WizLab   | Found a transporter.
 52916 | WizLab   | Found the +1 cloak of Starlight {*Dazzle EV+4 Stlth--}
 52917 | WizLab   | Found a transporter.
 52927 | WizLab   | Found a transporter.
 52932 | WizLab   | Identified the -1 cloak of the Dungeon {rPois rC+ Int+2}
 52933 | WizLab   | Identified the +2 cloak of Pessimism {Str+3 Dex+4}
 53626 | Crypt:1  | Received a gift from Trog
 53626 | Crypt:1  | Found the +8 lance "Wyrmbane" {slay drac, rPois rF+ rC+
                  | AC+3}
 53700 | Crypt:1  | You fall into a shaft and drop 1 floor!
 53771 | Crypt:2  | Reached skill level 10 in Throwing
 54587 | Crypt:2  | Reached skill level 19 in Fighting
 55161 | Crypt:3  | Entered Level 3 of the Crypt
 55355 | Crypt:3  | Noticed Khufu
 55367 | Crypt:3  | Killed Khufu
 55372 | Crypt:3  | Received a gift from Trog
 55640 | Crypt:3  | Got a humming book
 56097 | Crypt:3  | Found a staircase to the Tomb.
 56097 | Crypt:3  | Noticed a royal mummy
 56116 | Crypt:3  | Killed a royal mummy
 56365 | Crypt:3  | Found a basalt altar of Yredelemnul.
 56395 | Crypt:3  | Received a gift from Trog
 56522 | Crypt:3  | Identified the +2 swamp dragon scales of the Dungeon {rPois
                  | rC+ Int-3 Slay+2}
 56550 | Crypt:3  | Reached XP level 24. HP: 136/202 MP: 23/23
 56778 | Crypt:3  | Identified the +1 long sword of Chaos {antimagic, rElec
                  | Int+4}
 56779 | Crypt:3  | Identified the +1 dagger "Efisipemm" {freeze, rF++}
 56784 | Crypt:3  | Got an uncut book
 56801 | Crypt:3  | Found the +13 scythe of Curses {drain, curses, Drain}
 58049 | Depths:1 | Found a gateway to Hell.
 58062 | Depths:1 | Found an iron altar of Okawaru.
 58096 | Depths:1 | Identified the +7 trident of the Median {flame, Str+4}
                  | (Trog gifted it to you on level 1 of the Depths)
 58096 | Depths:1 | Received a gift from Trog
 58194 | Depths:1 | Reached skill level 20 in Fighting
 58573 | Depths:2 | Noticed Vv
 58947 | Depths:2 | Killed Vv
 59042 | Depths:2 | Found a one-way gate leading to the halls of Pandemonium.
 59078 | Depths:2 | Found a one-way gate to the infinite horrors of the Abyss.
 59108 | Depths:2 | Identified the ring of Bagienas {Ice rElec}
 59108 | Depths:2 | Noticed Josephina
 59131 | Depths:2 | Killed Josephina
 59131 | Depths:2 | Received a gift from Trog
 59305 | Depths:2 | Found a runed translucent door.
 59317 | Depths:2 | Identified the ring of Etrere {Fire Int+4}
 60112 | Depths:3 | Identified the orb of Rysies {*channel, Drain rN+ Str+4
                  | Int+3}
 60200 | Depths:3 | Noticed a juggernaut
 60208 | Depths:3 | Received a gift from Trog
 60208 | Depths:3 | Killed a juggernaut
 60209 | Depths:3 | Reached skill level 21 in Fighting
 60297 | Depths:3 | Received a gift from Trog
 60546 | Depths:3 | Found a one-way gateway to a ziggurat.
 61506 | Depths:4 | Entered Level 4 of the Depths
 61560 | Depths:4 | Reached XP level 25. HP: 215/215 MP: 23/23
 61949 | Depths:4 | Reached skill level 22 in Fighting
 62613 | Depths:4 | Identified the +6 spear "Intense Ultimatum" {heavy, rPois}
                  | (Trog gifted it to you on level 4 of the Depths)
 62613 | Depths:4 | Received a gift from Trog
 62819 | Depths:4 | Found a gate to the Realm of Zot.
 63134 | Depths:3 | Voluntarily entered the Abyss.
 63213 | Abyss:1  | Found a corrupted altar of Lugonu.
 63226 | Abyss:1  | Found a corrupted altar of Lugonu.
 63234 | Abyss:1  | Found a corrupted altar of Lugonu.
 63260 | Abyss:1  | Reached skill level 23 in Fighting
 63313 | Abyss:1  | Found a runed translucent gate.
 63322 | Abyss:1  | Found a runed translucent gate.
 63336 | Abyss:1  | Found a corrupted altar of Lugonu.
 63699 | Abyss:3  | Found a corrupted altar of Lugonu.
 63893 | Abyss:4  | Found a corrupted altar of Lugonu.
 63894 | Abyss:4  | Identified the ring of Gereestra {Fire rCorr}
 63901 | Abyss:4  | Received a gift from Trog
 63975 | Abyss:4  | Found a corrupted altar of Lugonu.
 64024 | Abyss:4  | Identified the +4 fire dragon scales of Hangman {*Slow rF++
                  | rC- rN+ Str+5}
 64081 | Abyss:4  | Reached skill level 24 in Fighting
 64088 | Abyss:4  | Found a corrupted altar of Lugonu.
 64105 | Abyss:4  | Received a gift from Trog
 64189 | Abyss:4  | Found a corrupted altar of Lugonu.
 64216 | Abyss:4  | Found a corrupted altar of Lugonu.
 64307 | Abyss:4  | Received a gift from Trog
 64422 | Abyss:4  | Found a sacrificial altar of Ru.
 64496 | Abyss:4  | Found a sacrificial altar of Ru.
 64583 | Abyss:4  | Reached skill level 25 in Fighting
 64618 | Abyss:4  | Found a sacrificial altar of Ru.
 64620 | Abyss:4  | Paralysed by accursed screaming for 1 turns
 64637 | Abyss:4  | Paralysed by accursed screaming for 2 turns
 64639 | Abyss:4  | Received a gift from Trog
 64667 | Depths:3 | Escaped the Abyss
 64757 | Depths:3 | Voluntarily entered the Abyss.
 64844 | Abyss:4  | Reached XP level 26. HP: 216/235 MP: 23/23
 64941 | Abyss:4  | Got an abyssal rune of Zot
 64979 | Depths:3 | Escaped the Abyss
 65023 | Hell     | Entered the Vestibule of Hell
 65023 | Hell     | Noticed Geryon
 65346 | Slime:1  | Entered Level 1 of the Pits of Slime
 65730 | Slime:1  | Received a gift from Trog
 65926 | Slime:1  | Reached skill level 26 in Fighting
 66458 | Slime:4  | Received a gift from Trog
 66637 | Slime:5  | Entered Level 5 of the Pits of Slime
 66641 | Slime:5  | Paralysed by a floating eye for 2 turns
 66686 | Slime:5  | Noticed the Royal Jelly
 66697 | Slime:5  | Killed the Royal Jelly
 67322 | Slime:4  | Reached skill level 27 in Fighting
 67563 | Slime:5  | Identified the +8 great sword of the Old World {heavy,
                  | rCorr Str+3}
 67575 | Slime:5  | Identified the ring "Bahasmoi" {Fly rPois rN+ MP+9}
 67582 | Slime:5  | Got a slimy rune of Zot
 67614 | Slime:5  | Got a fusty book
 67627 | Slime:5  | Identified the +1 leather armour of the Watchman {rC+}
 67649 | Slime:5  | Got a conspicuous book
 67685 | Slime:5  | Got a worn book
 67708 | Slime:5  | Identified the +1 pair of gloves of Cuwnat {rF+ rN++ Will+}
 67753 | Slime:5  | Identified the staff "Ganucicag" {Fragile rC+ Str+8 Necro
                  | Ice}
 68920 | Slime:2  | Identified the +5 trident of the Sky {flame, rCorr Str-2
                  | SInv} (Trog gifted it to you on level 2 of the Pits of
                  | Slime)
 68920 | Slime:2  | Received a gift from Trog
 69704 | Zot:1    | Entered Level 1 of the Realm of Zot
 69851 | Zot:1    | Got a moth-eaten book
 70094 | Zot:1    | Noticed Kapop's ghost (legendary GrMo)
 70189 | Zot:1    | Found a runed translucent door.
 70234 | Zot:1    | Killed Kapop's ghost
 70966 | Zot:2    | Received a gift from Trog
 70967 | Zot:2    | Reached XP level 27. HP: 132/249 MP: 23/23
 71865 | Zot:2    | Noticed an orb of fire
 71881 | Zot:2    | Killed an orb of fire
 71882 | Zot:2    | Reached skill level 15 in Armour
 73748 | Zot:3    | Received a gift from Trog
 74562 | Zot:5    | Entered Level 5 of the Realm of Zot
 74593 | Zot:4    | Noticed an orb of fire
 74603 | Zot:5    | Killed an orb of fire
 75782 | Zot:5    | Noticed Leown's ghost (legendary KoDe)
 75834 | Zot:5    | Noticed an orb of fire
 75851 | Zot:5    | Killed an orb of fire
 75859 | Zot:5    | Noticed a dread lich
 75868 | Zot:5    | Killed a dread lich
 75870 | Zot:5    | Noticed a dread lich
 75880 | Zot:5    | Killed a dread lich
 75880 | Zot:5    | Received a gift from Trog
 75895 | Zot:5    | Found a transporter.
 75908 | Zot:5    | Found a transporter.
 76322 | Zot:5    | Noticed an orb of fire
 76333 | Zot:5    | Killed an orb of fire
 76334 | Zot:5    | Noticed an orb of fire
 76344 | Zot:5    | Killed an orb of fire
 76653 | Zot:5    | Noticed an orb of fire
 76664 | Zot:5    | Killed an orb of fire
 76705 | Zot:5    | Noticed an ancient lich
 76713 | Zot:5    | Killed an ancient lich
 76783 | Zot:5    | Noticed an orb of fire
 76792 | Zot:5    | Killed an orb of fire
 77168 | Zot:5    | Got the Orb of Zot
 77564 | D:9      | Noticed Ihisuthra the pandemonium lord
 77578 | D:9      | Killed Ihisuthra the pandemonium lord
 77780 | D:$      | Escaped with the Orb!

Illustrated notes

Levels and vault maps discovered:
D:1:      psy_arrival_radial02, layout_basic, minmay_misc_feat_cross
D:2:      layout_loops_corners
D:3:      layout_loops_cross, cheibrodos_ashenzari_chains, minitemple
D:4:      layout_cave_pools, elyvilon_altar_3, lemuel_coloured_pillars_altar,
          portal_sewer_entry_d, minmay_tree_intersection, grunt_tough_drop,
          uniq_crazy_yiuf_cottage, uniq_edmund, uniq_eustachio
D:5:      layout_loops_ring, mainiacjoe_overflow_concentric_impassable,
          chequers_serial_rivers_room_a, nicolae_shop_dragon_depot,
          kennysheep_boxes
D:6:      layout_loops_ring, nicolae_dithmenos_through_a_glass_darkly,
          minmay_temple_entry_drinking_statues, kennysheep_generic_room_5
D:7:      layout_basic, nicolae_overflow_crystal_walls, uniq_duvessa,
          uniq_jeremiah, uniq_joseph
D:8:      layout_cave_pods, serial_bayou_ford_a, minmay_strange_pillars
D:9:      layout_loops_corners, tgw_sif, amcnicky_altar_gilded, david_orc_2,
          serial_shops, shop, hangedman_abyss_or_decor_passed,
          nicolae_shop_i_like_big_books
D:10:     layout_loops_ring, lair_entry_dummy
D:11:     layout_roguey, serial_shops, shop, due_unseen_surprise
D:12:     lemuel_troll_bridge, layout_rooms, minivault_16
D:13:     layout_small_grid, ximxim_vaults_locker_room, zin_purify, uniq_lodul
D:14:     layout_basic, amcnicky_mini_pool_small, elves_outpost_lemuel,
          uniq_jorgrun
D:15:     hangedman_depths_entry_try_elsewhere_first, layout_irregular_city,
          nicolae_ru_sacrificial_ziggurat
Lair:1:   lemuel_slime, layout_regular_city, gauntlet_entry_generic,
          lemuel_fruit_fields
Lair:2:   layout_chaotic_city, nzn_sisyphean_effort, uniq_nergalle, uniq_urug
Lair:3:   wander_river, layout_cave_pods, skrybe_swamp_entry_bodies,
          nicolae_snake_entry_squirm, portal_ice_cave_rime,
          grunt_forest_large_clearings
Lair:4:   layout_regular_city, minmay_shattered_shrine
Lair:5:   minmay_lair_end_enchanted_forest, layout_misc_corridors,
          minmay_slime_entry_pillars, gammafunk_ghost_wrathful_warriors,
          uniq_rupert
Swamp:1:  layout_basic_swamp, hangedman_swamp_blocks, swamp_pool1,
          infiniplex_staircase_pool, uniq_nikola
Swamp:2:  layout_falls_marsh, serial_swamp_ruin, evilmike_swamp_ruin_house_5,
          evilmike_swamp_ruin_house_6, evilmike_swamp_ruin_rubble_1
Swamp:3:  layout_basic_swamp, gammafunk_ghost_cemetery,
          nicolae_swamp_some_circles
Swamp:4:  swamp_fiery, layout_basic_swamp, swamp_pool2, uniq_roxanne
Snake:1:  layout_basic, serial_shops, shop, nicolae_snake_gridmaze_entwining,
          st_stairs_11, nrook_guardian_serpent_ordinary
Snake:2:  hangedman_cross_veins, layout_misc_corridors, st_stairs_3
Snake:3:  layout_layer_cave, nicolae_snake_ghostly_warrior_ritual
Snake:4:  snake_pit, layout_misc_corridors, serial_shops,
          nicolae_shop_rolling_square, serial_bayou_pond_b
Slime:1:  layout_caves
Slime:2:  layout_caves
Slime:3:  layout_caves
Slime:4:  layout_caves
Slime:5:  slime_pit_nicolae_amoeboid
Orc:1:    layout_diamond_mine, basic_altar, uniq_fannar
Orc:2:    st_orc_congregation, layout_diamond_mine
Elf:1:    layout_geoelf_diagonals, minmay_elf_necromancy,
          roderic_lattice_octagonal_star, grunt_megastairs_2, uniq_louise
Elf:2:    nicolae_elf_blades_splatter_lattice
          [nicolae_blade_entry_sentries_behind_glass], layout_rooms,
          corexii_leaking_fountain, grunt_ministairs_2, uniq_aizul
Elf:3:    elf_hall, layout_geoelf_castle,
          ploomutoo_gammafunk_ghost_potion_laboratory, nicolae_shop_gadgets
Vaults:1: nicolae_vaults_murderbox, v_misc_13,
          vaults_room_grunt_arrival_checkpoint, ontoclasm_vaults_twist,
          v_misc_17, nicolae_vaults_gold_heap, vaults_room_door_ring, v_misc_3,
          vaults_room_stairs_pillars, nicolae_vaults_diamond_2,
          nicolae_vaults_yaktaur_gun_rack, hangedman_vaults_stream,
          nicolae_vaults_stepped_doors, nicolae_vaults_frosty_reception,
          layout_vaults_maze_bifur, nicolae_trove_entry_diagonal, serial_shops,
          shop
Vaults:2: minmay_crypt_entry_simple_sparse, vaults_room_pools, v_misc_32,
          vaults_mumra_minichess, v_pattern_3, grunt_vaults_diagonal,
          nicolae_vaults_hallways_thing, nicolae_vaults_sightless_eye, v_misc_1,
          nicolae_vaults_network_quincunx
          [nicolae_vaults_network_quincunx_subvault,
          nicolae_vaults_network_quincunx_subvault,
          nicolae_vaults_network_quincunx_subvault,
          nicolae_vaults_network_quincunx_subvault,
          nicolae_vaults_network_quincunx_subvault], vaults_mumra_chevron,
          nicolae_vaults_trapezoid_3, hangedman_vaults_impose,
          nicolae_vaults_trapezoid_2, layout_vaults_omnibox, serial_shops, shop,
          uniq_margery, uniq_xtahua, uniq_donald
Vaults:3: nicolae_vaults_tetromino_Z_1, nicolae_vaults_diamond_2,
          nicolae_vaults_border_crossing, v_misc_10, nicolae_vaults_house_3,
          nicolae_vaults_wrenched, v_misc_4, v_misc_2, dpeg_vaults_monster_box,
          nicolae_vaults_shipping_containers_7, nicolae_vaults_house_2,
          hangedman_vaults_impose, ontoclasm_vaults_loading_screen,
          layout_vaults_ring, serial_shops, nicolae_shop_tiny_glass
Vaults:4: v_rooms_5, v_alt_pattern_3, v_misc_18, v_misc_25,
          nicolae_vaults_tangram_2, nicolae_vaults_surprise_closet,
          ontoclasm_vaults_chip, grunt_vaults_hallway_short,
          layout_vaults_chaotic_city, serial_shops, shop
Vaults:5: uniq_frederick, uniq_sojobo, uniq_mennas
Crypt:1:  layout_chaotic_city, mu_enter_wizlab_1
Crypt:2:  layout_misc_corridors, grunt_megastairs_4
Crypt:3:  evilmike_haunted_forest, uniq_khufu
Depths:1: layout_basic, hangedman_abyss_or_decor_lesser_grid,
          pf_hell_entry_tar_river, okawaru_ov_weapons_minmay,
          nicolae_integral_box
Depths:2: cheibrodos_tormentor_scu, layout_cave_pools, hell_entry,
          grunt_pan_entry_in_and_out, abyss_entry, st_stairs_4,
          nicolae_concentric_dashed_squares_wild, grunt_decor_clamped,
          lightli_gold_pyramid, uniq_josephina, uniq_vv
Depths:3: evilmike_diamond_1, layout_long_grid, enter_ziggurat_c, abyss_entry,
          nicolae_eternal_life, hell_entry
Depths:4: grunt_zot_entry_bicorn, layout_gridlike, hell_entry,
          chequers_serial_rivers_micro_d, nicolae_triple_integral
Hell
Zot:1:    kennysheep_blocky_hall, layout_misc_corridors,
          hellmonk_ghost_happy_afterlife
Zot:2:    lemuel_firehouse, layout_concentric_octagons
Zot:3:    lemuel_acid_trip, layout_onion_interference
Zot:4:    layout_twisted_circle
Zot:5:    layout_misc_corridors, gammafunk_ghost_berserking_beasts

Skill      XL: |  1  2  3  4  5  6  7  8  9 10 11 12 13 14 15 16 17 18 19 20 21 22 23 24 25 26 27 |
---------------+----------------------------------------------------------------------------------+-----
Polearms       | 3 4 5 6 7 9 10 12 14 15 16 18 19 20 | 20.8
Throwing       | 1 2 3 4 5 7 8 11 12 | 12.1
Fighting       | 4 5 6 7 9 10 12 14 16 18 19 21 25 27 | 27.0
Shields        | 1 3 6 8 9 11 12 14 15 17 18 19 | 19.7
Evocations     | 1 3 4 6 8 12 14 15 | 15.1
Armour         | 5 7 9 10 12 13 14 18 | 18.5
Dodging        | 5 7 8 9 10 13 15 16 17 | 17.0

Action                     |  1- 3 |  4- 6 |  7- 9 | 10-12 | 13-15 | 16-18 | 19-21 | 22-24 | 25-27 || total
---------------------------+-------+-------+-------+-------+-------+-------+-------+-------+-------++-------
  Melee: Spear             |   116 |   247 |   386 |       |       |       |       |       |       ||   749
         Trident           |       |       |   136 |   711 |   934 |       |       |       |       ||  1781
         Demon trident     |       |       |       |       |   515 |  1273 |  1116 |  1473 |   853 ||  5230
         Lance             |       |       |       |       |       |       |       |   185 |  1737 ||  1922
  Throw: Boomerang         |     2 |     2 |    18 |    50 |   151 |    86 |    36 |    39 |    37 ||   421
         Dart              |       |       |     7 |    57 |    25 |       |       |       |       ||    89
         Throwing net      |       |       |       |     1 |       |       |       |       |       ||     1
         Javelin           |       |       |       |       |     6 |       |     5 |       |    11 ||    22
 Invoke: Trog's Hand       |       |     2 |     6 |     8 |     3 |       |       |     5 |     7 ||    31
         Brothers in Arms  |       |       |       |     5 |     7 |     7 |    18 |     7 |    13 ||    57
  Evoke: Wand              |       |     4 |    15 |    16 |    14 |     3 |    32 |    22 |    17 ||   123
         Phial of floods   |       |       |       |       |     2 |     1 |     1 |       |       ||     4
         Phantom mirror    |       |       |       |       |       |       |       |     2 |       ||     2
    Use: Scroll            |       |     7 |     8 |     5 |     5 |     9 |    15 |     9 |    20 ||    78
   Stab: Sleeping          |     1 |       |       |       |       |       |       |       |       ||     1
         Distracted        |       |     1 |       |     1 |       |     1 |       |       |       ||     3
         Invisible         |       |       |       |     7 |       |     1 |     6 |     1 |     1 ||    16
         Petrified         |       |       |       |       |    11 |       |       |       |       ||    11
         Paralysed         |       |       |       |       |       |       |       |       |     2 ||     2
 Armour: Animal skin       |    21 |       |       |       |       |       |       |       |       ||    21
         Leather armour    |    10 |       |       |       |       |       |       |       |       ||    10
         Ring mail         |    22 |       |       |       |       |       |       |       |       ||    22
         Scale mail        |       |   139 |   295 |    37 |       |       |       |       |       ||   471
         Acid dragon scale |       |       |       |   241 |       |       |       |       |       ||   241
         Skin              |       |       |       |     6 |       |       |       |       |       ||     6
         Plate armour      |       |       |       |    39 |   659 |   588 |   401 |   581 |  1031 ||  3299
  Dodge: Dodged            |    53 |    75 |   133 |   192 |   453 |   428 |   175 |   462 |   843 ||  2814
         Repelled          |       |       |       |       |       |       |       |       |    10 ||    10
  Block: Kite shield       |    15 |    75 |   111 |   195 |   576 |   386 |   598 |       |   943 ||  2899
         Reflection        |       |       |       |       |       |   117 |   149 |    49 |    25 ||   340
         Tower shield      |       |       |       |       |       |   569 |   492 |  1532 |  1396 ||  3989
         Other             |       |       |       |       |       |       |       |       |     3 ||     3

Table legend: (Time is in decaauts)
 A = Elapsed time spent in this place.
 B = Non-inter-level travel time spent in this place.
 C = Inter-level travel time spent in this place.
 D = Time resting spent in this place.
 E = Time spent auto-exploring this place.
 F = Levels seen in this place.
 G = Mean time per level.
                   A        B        C        D        E       F      G
               +--------+--------+--------+--------+--------+-----+--------+
         Total |  77120 |  70899 |   6221 |  11598 |  30279 |  64 | 1205.0 |
       Dungeon |  16465 |  14518 |   1947 |    571 |  10385 |  15 | 1097.7 |
          Lair |   6828 |   5769 |   1059 |    609 |   2594 |   5 | 1365.6 |
         Swamp |   3707 |   3414 |    293 |    589 |   1501 |   4 |  926.8 |
     Snake Pit |   7097 |   6820 |    277 |   2182 |   1755 |   4 | 1774.2 |
    Slime Pits |   3858 |   3594 |    264 |    617 |   1078 |   5 |  771.6 |
  Orcish Mines |   3908 |   3220 |    688 |    744 |   1193 |   2 | 1954.0 |
   Elven Halls |   3941 |   3778 |    163 |    497 |   1283 |   3 | 1313.7 |
        Vaults |   9318 |   8842 |    476 |   2302 |   3206 |   5 | 1863.6 |
         Crypt |   4313 |   4055 |    258 |    666 |   1521 |   3 | 1437.7 |
        Depths |   6145 |   5655 |    490 |    734 |   2585 |   4 | 1536.2 |
          Hell |      1 |      1 |      0 |      0 |      0 |   1 |    1.0 |
           Zot |   7392 |   7086 |    306 |   1768 |   1911 |   5 | 1478.4 |
         Abyss |   1419 |   1419 |      0 |     58 |     92 |   5 |  283.8 |
         Sewer |    894 |    894 |      0 |      6 |    594 |   1 |  894.0 |
      Ice Cave |    981 |    981 |      0 |    253 |     65 |   1 |  981.0 |
        Wizlab |    844 |    844 |      0 |      0 |    514 |   1 |  844.0 |
               +--------+--------+--------+--------+--------+-----+--------+

Top non-repeatable levels by time:
Vaults:5: 3046 daAuts
   Orc:2: 2852 daAuts
   Elf:3: 2253 daAuts
 Crypt:3: 2126 daAuts
   Zot:2: 2044 daAuts
 Snake:3: 1928 daAuts
 Snake:2: 1921 daAuts
Depths:3: 1851 daAuts
   Zot:3: 1772 daAuts
Vaults:2: 1718 daAuts
Vaults:3: 1711 daAuts
 Snake:1: 1665 daAuts
  Lair:4: 1654 daAuts
    D:12: 1633 daAuts
 Snake:4: 1582 daAuts
